 Dungeon Crawl Stone Soup version 0.31-a0-237-g2d982f9f85 (webtiles) character file.

Game seed: 17546654452548872455

191 qw the Shooter (level 5, -1/45 HPs)
             Began as a Minotaur Hexslinger on July 11, 2023.
             Slain by Grinder (5 damage)
             ... while paralysed by Grinder
             ... on level 3 of the Dungeon.
             The game lasted 00:01:11 (2597 turns).

qw the Shooter (Minotaur Hexslinger)                Turns: 2597, Time: 00:01:12

Health: -1/45      AC:  6    Str:  9 (12) XL:     5   Next: 42%
Magic:  5/5        EV:  2    Int:  9 (10) God:
Gold:   121        SH:  0    Dex: 14 (15) Spells: 5/6 levels left

rFire   . . .        Y - +1 sling
rCold   . . .        (no shield)
rNeg    . . .        j - +0 ring mail
rPois   .            (helmet restricted)
rElec   .            (no cloak)
rCorr   .            (no gloves)
SInv    .            g - +0 pair of boots
Will    .....        (no amulet)
Stlth   +            (no ring)
HPRegen 0.27/turn    (no ring)
MPRegen 0.09/turn

%: no passive effects
@: paralysed
A: horns 2, retaliatory headbutt
a: no special abilities


You were on level 3 of the Dungeon.
You visited 1 branch of the dungeon, and saw 3 of its levels.

You collected 121 gold pieces.


Innate Abilities, Weirdness & Mutations

You have a pair of horns on your head.
You reflexively headbutt those who attack you in melee.


   Skills:
 - Level 3.1 Fighting
 + Level 5.3 Ranged Weapons
 - Level 1.7 Armour
 - Level 2.1 Dodging
 - Level 1.0 Spellcasting
 - Level 2.0 Hexes


You had 5 spell levels left.
You knew the following spells:

 Your Spells              Type           Power      Damage    Failure   Level
a - Slow                  Hex            16%        N/A       41%         1

Your spell library contained the following spells:

 Spells                   Type           Power      Damage    Failure   Level
 Inner Flame              Hex/Fire       2%         N/A       89%         3
 Portal Projectile        Hex/Tloc       4%         N/A       89%         3
 Cause Fear               Hex            2%         N/A       99%         4

Inventory:

Hand Weapons
 Y - a +1 sling (weapon)
Armour
 g - a +0 pair of boots (worn)
 j - a +0 ring mail (worn)
Wands
 c - a wand of digging (2)
Scrolls
 e - 2 scrolls of amnesia {unknown}
Potions
 a - a potion of might
 b - a potion of mutation {unknown}
 d - a potion of cancellation {unknown}
 f - a potion of invisibility {unknown}
 h - a potion of curing {unknown}

Dungeon Overview and Level Annotations

Branches:
Dungeon (3/15)

Altars:
Zin

Annotations:
D:3 1 runed translucent door, Grinder; qw's ghost, amateur MiHs


Message History

The sling bullet closely misses Grinder.
Grinder says, "Tell me all your secrets, or I'll kill you."
You shoot a sling bullet.
The sling bullet closely misses Grinder.
Grinder blinks!
You start resting.
Grinder is nearby!
You shoot a sling bullet. The sling bullet hits Grinder.
Grinder is severely wounded.
You shoot a sling bullet.
The sling bullet closely misses Grinder.
You shoot a sling bullet.
The sling bullet closely misses Grinder.
Grinder gestures at you. Pain shoots through your body!
You shoot a sling bullet.
The sling bullet hits Grinder but does no damage.
Grinder is severely wounded.
You shoot a sling bullet. The sling bullet hits Grinder.
Grinder is severely wounded.
Grinder gestures at you. Pain shoots through your body!
You shoot a sling bullet.
The sling bullet hits Grinder but does no damage.
Grinder is severely wounded.
You shoot a sling bullet. The sling bullet hits Grinder.
Grinder is almost dead.
You shoot a sling bullet.
The sling bullet closely misses Grinder.
Grinder hits you!
You writhe in agony.
Grinder gestures at you.
You suddenly lose the ability to move!
Grinder gestures at you. Pain shoots through your body!
Grinder gestures at you. Pain shoots through your body!
Grinder gestures at you.
You shrug off the repeated paralysis!
Grinder hits you.
You writhe in agony.
You die...

#### #######.#.#
..........#
#######.###
#.........#
#.........#
#.........#.#
#.........#.#
###...#+###.#
+...'.@.#.#
#...#.#5#.#
#..<#.#.#.#
#...#.#.#.#######
#...#.#..........
#...#.#...######
#...#.#...#
#####.#..%#####
#.........


You could see Grinder.

Vanquished Creatures
  Natasha (thrice) (D:2)
  Robin (D:2)
  2 adders
  3 worms
  7 orcs
  4 bats
  An endoplasm (D:3)
  2 giant cockroaches
  15 goblins
  11 hobgoblins
  4 kobolds
  A quokka (D:1)
  6 ball pythons
  4 frilled lizards
  6 rats
70 creatures vanquished.

Notes
Turn   | Place    | Note
-------+----------+-------------------------------------------
     0 | D:1      | qw the Minotaur Hexslinger began the quest for the Orb.
     0 | D:1      | Reached XP level 1. HP: 16/16 MP: 1/1
     0 | D:1      | 0 ||| qw: Version: 0.3-a-52-g30416fa
     0 | D:1      | 0 ||| qw: Game counter: 5415
     0 | D:1      | 0 ||| qw: Melee chars always use a shield: true
     0 | D:1      | 0 ||| qw: God list: Okawaru
     0 | D:1      | 0 ||| qw: Allow faded altars: false
     0 | D:1      | 0 ||| qw: Do Orc after clearing Dungeon:15 true
     0 | D:1      | 0 ||| qw: Do second Lair branch before Depths: true
     0 | D:1      | 0 ||| qw: Lair rune preference: random
     0 | D:1      | 0 ||| qw: Goals: Normal
     0 | D:1      | 0 ||| PLANNING D:1-11
   351 | D:1      | Reached skill level 3 in Ranged Weapons
   351 | D:1      | Reached XP level 2. HP: 23/23 MP: 2/2
   861 | D:1      | 861 ||| UPGRADING to +0 ring mail.
   871 | D:1      | 871 ||| DROPPING +0 robe.
   872 | D:1      | 872 ||| DROPPING ring of flight.
   873 | D:1      | 873 ||| READING scroll labelled LORAXT QAGALECZA.
   878 | D:1      | 878 ||| READING scroll labelled JYAFFO LO FIUCH.
   879 | D:1      | 879 ||| READING scroll labelled XACYOSO XIUC.
   880 | D:1      | 880 ||| READING scroll labelled CIYZEGG GIES.
   881 | D:1      | 881 ||| DROPPING scroll of poison.
  1015 | D:2      | 1015 ||| FLEEEEING.
  1016 | D:2      | 1016 ||| FLEEEEING.
  1017 | D:2      | 1017 ||| FLEEEEING.
  1022 | D:2      | Reached XP level 3. HP: 28/29 MP: 3/3
  1109 | D:2      | Noticed Natasha
  1118 | D:2      | HP: 6/29 [Natasha (6)]
  1119 | D:2      | Killed Natasha
  1120 | D:2      | Reached skill level 4 in Ranged Weapons
  1220 | D:2      | Noticed Natasha
  1231 | D:2      | HP: 4/29 [Natasha (7)]
  1233 | D:2      | Killed Natasha
  1234 | D:2      | Reached skill level 1 in Armour
  1234 | D:2      | Reached XP level 4. HP: 6/36 MP: 4/4
  1420 | D:2      | Noticed Natasha
  1428 | D:2      | Killed Natasha
  1517 | D:2      | Noticed Robin
  1528 | D:2      | Killed Robin
  1529 | D:2      | Reached skill level 5 in Ranged Weapons
  1534 | D:2      | HP: 9/36 [goblin/+0 club[Robin] (1)]
  1535 | D:2      | Reached XP level 5. HP: 10/41 MP: 5/5
  1674 | D:2      | Found a glowing silver altar of Zin.
  2100 | D:2      | 2100 ||| UPGRADING to +0 pair of boots.
  2105 | D:2      | 2105 ||| READING scroll labelled ZOFIOBIEWY.
  2106 | D:2      | 2106 ||| DRINKING 2 clear potions.
  2107 | D:2      | 2107 ||| DRINKING 2 metallic silvery potions.
  2108 | D:2      | 2108 ||| DROPPING potion of degeneration.
  2143 | D:3      | Reached skill level 3 in Fighting
  2481 | D:3      | Found a runed translucent door.
  2481 | D:3      | Noticed qw's ghost (amateur MiHs)
  2508 | D:3      | Noticed Grinder
  2517 | D:3      | 2517 ||| FLEEEEING.
  2523 | D:3      | 2523 ||| FLEEEEING.
  2524 | D:3      | 2524 ||| FLEEEEING.
  2525 | D:3      | 2525 ||| FLEEEEING.
  2531 | D:3      | 2531 ||| FLEEEEING.
  2532 | D:3      | 2532 ||| FLEEEEING.
  2533 | D:3      | 2533 ||| FLEEEEING.
  2534 | D:3      | 2534 ||| FLEEEEING.
  2535 | D:3      | 2535 ||| FLEEEEING.
  2536 | D:3      | 2536 ||| FLEEEEING.
  2537 | D:3      | 2537 ||| FLEEEEING.
  2538 | D:3      | 2538 ||| FLEEEEING.
  2541 | D:3      | 2541 ||| FLEEEEING.
  2542 | D:3      | 2542 ||| FLEEEEING.
  2543 | D:3      | 2543 ||| FLEEEEING.
  2544 | D:3      | 2544 ||| FLEEEEING.
  2548 | D:3      | 2548 ||| FLEEEEING.
  2549 | D:3      | 2549 ||| FLEEEEING.
  2550 | D:3      | 2550 ||| FLEEEEING.
  2553 | D:3      | 2553 ||| FLEEEEING.
  2554 | D:3      | 2554 ||| FLEEEEING.
  2556 | D:3      | 2556 ||| FLEEEEING.
  2557 | D:3      | 2557 ||| FLEEEEING.
  2558 | D:3      | 2558 ||| FLEEEEING.
  2559 | D:3      | 2559 ||| FLEEEEING.
  2560 | D:3      | 2560 ||| FLEEEEING.
  2561 | D:3      | 2561 ||| FLEEEEING.
  2562 | D:3      | 2562 ||| FLEEEEING.
  2578 | D:3      | Paralysed by Grinder for 3 turns
  2593 | D:3      | Paralysed by Grinder for 5 turns
  2595 | D:3      | HP: 5/45 [Grinder/nerve-wracking pain (13)]
  2597 | D:3      | Slain by Grinder

Levels and vault maps discovered:
D:1:      heliophobic_arrival_ceremonial_halls, layout_loops_corners,
          minmay_misc_feat_ornament
D:2:      layout_basic, basic_altar, chequers_avenue, grunt_decor_junction,
          guppyfry_early_orc_mine, uniq_natasha, uniq_robin
D:3:      layout_basic, gammafunk_ghost_grave, serial_curves, eino_curves_02,
          eino_curves_04, uniq_grinder

Skill      XL: |  1  2  3  4  5 |
---------------+----------------+-----
Ranged Weapons | 3 4 5 |  5.3
Fighting       | 2 3 |  3.1
Armour         | 1 |  1.7
Dodging        | |  2.1
Spellcasting   | |  1.0
Hexes          | |  2.0

Action                     |  1- 3 |  4- 6 || total
---------------------------+-------+-------++-------
   Fire: Sling             |   110 |   162 ||   272
    Use: Scroll            |     4 |     1 ||     5
         Potion            |       |     2 ||     2
 Armour: Robe              |     1 |       ||     1
         Ring mail         |    19 |    41 ||    60
  Dodge: Dodged            |    36 |    57 ||    93

Table legend:
 A = Non-vault XP
 B = Vault XP
 C = Vault XP percentage of total XP
 D = Non-vault monster count
 E = Vault monster count
 F = Vault count percentage of total count
                 A         B        C        D         E       F
            +---------+---------+-------+---------+---------+-------
      Total |     183 |      91 |  33.2 |      49 |      21 |  30.0
            +---------+---------+-------+---------+---------+-------
        D:1 |      23 |       0 |   0.0 |      13 |       0 |   0.0
        D:2 |     118 |      91 |  43.5 |      22 |      21 |  48.8
        D:3 |      42 |       0 |   0.0 |      14 |       0 |   0.0
            +---------+---------+-------+---------+---------+-------
